 Dungeon Crawl Stone Soup version 0.16-a0-2093-g8c923f7 (webtiles) character file.

5817 PolkaDot the Fighter (level 10, -6/85 HPs)
             Began as a Vampire Summoner on Nov 13, 2014.
             Was a Believer of Sif Muna.
             Shot with a poisoned arrow by Nessos (31 damage)
             ... on level 11 of the Dungeon.
             The game lasted 00:59:38 (12057 turns).

PolkaDot the Fighter (Vampire Summoner)            Turns: 12057, Time: 00:59:41

Health: -6/85      AC: 10    Str:  7    XL:     10   Next: 51%
Magic:  18/50      EV: 11    Int: 20    God:    Sif Muna [**....]
Gold:   661        SH:  0    Dex: 14    Spells: 8 memorised, 4 levels left

rFire  + . .     SeeInvis +     S - staff of power
rCold  . . .     Clarity  .     h - +3 leather armour {rF+}
rNeg   + + .     SustAb   +     (no shield)
rPois  .         Gourm    .     (no helmet)
rElec  .         Spirit   .     g - +1 cloak
rCorr  .         Warding  +     U - +0 pair of gloves
rMut   .         Stasis   .     p - +0 pair of boots
MR     +....                    f - amulet of warding
Stlth  ++........               m - ring of magical power
                                l - ring of sustain abilities

@: lethally poisoned, somewhat resistant to hostile enchantments, unstealthy
A: bottle blood, fangs 3, see invisible, unbreathing
a: Bat Form, Bottle Blood, Channel Energy, Forget Spell, Renounce Religion


You were on level 11 of the Dungeon.
You worshipped Sif Muna.
Sif Muna was pleased with you.
You were not thirsty.

You visited 2 branches of the dungeon, and saw 12 of its levels.
You also visited: Sewer and Ossuary.

You collected 661 gold pieces.

Inventory:

Armour
 g - a +1 cloak (worn)
 h - a +3 leather armour of fire resistance (worn)
 p - a +0 pair of boots (worn)
 U - a +0 pair of gloves (worn)
Magical staves
 S - an uncursed staff of power (weapon)
Jewellery
 b - an uncursed amulet of stasis
 f - an amulet of warding (around neck)
 l - a ring of sustain abilities (left hand)
 m - a ring of magical power (right hand)
 u - an uncursed amulet of resist corrosion
 H - an uncursed ring of protection from magic
Magical devices
 s - a wand of random effects (30)
 y - a wand of teleportation (2)
 A - a wand of polymorph (19)
 C - a wand of random effects (24)
 E - a wand of slowing (29)
 F - a wand of confusion (14)
 L - a wand of teleportation (5)
 N - a wand of magic darts (13)
 O - a wand of random effects (31)
Scrolls
 d - 3 scrolls of teleportation
 e - a scroll of magic mapping
 j - 2 scrolls of enchant armour
 o - a scroll of immolation
 r - a scroll of enchant weapon
 v - 3 scrolls of amnesia {unknown}
 w - 4 scrolls of recharging
 z - a scroll of holy word {unknown}
 D - a scroll of remove curse
 G - a scroll of fear {unknown}
 I - a scroll of fog {unknown}
 K - 3 scrolls of blinking
 P - a scroll of acquirement {unknown}
 R - a scroll of identify
 T - a scroll of noise {unknown}
Potions
 a - 3 potions of flight
 c - 2 potions of cancellation
 i - 2 potions of haste
 n - 7 potions of magic
 q - 2 potions of might
 t - 6 potions of agility
 x - 4 potions of curing
 B - a potion of brilliance
 J - 2 potions of restore abilities
 M - a potion of degeneration {unknown}
Miscellaneous
 Q - a legendary deck of summonings


   Skills:
 - Level 10.1 Fighting
 + Level 2.0 Staves
 - Level 2.9 Dodging
 - Level 3.3 Stealth
 - Level 6.7 Spellcasting
 - Level 5.0 Hexes
 + Level 9.3 Summonings
 * Level 1.0 Translocations
 - Level 5.0 Ice Magic


You had 4 spell levels left.
You knew the following spells:

 Your Spells              Type           Power        Failure   Level  Hunger
a - Summon Small Mammal   Summ           ####         1%          1    None
d - Call Canine Familiar  Summ           #####...     1%          3    #......
g - Summon Guardian Gole  Hex/Summ       #####...     8%          4    ###....
i - Summon Ice Beast      Ice/Summ       #####...     8%          4    ###....
q - Blink                 Tloc           N/A          12%         2    None
s - Call Imp              Summ           #####...     1%          2    None
A - Apportation           Tloc           ##........   10%         1    None
B - Summon Butterflies    Summ           #####...     1%          1    None


Dungeon Overview and Level Annotations

Branches:
Dungeon (11/15)            Temple (1/1) D:6            Lair (0/8) D:11
    Orc (0/4) D:9

Altars:
Ashenzari
Cheibriados
Dithmenos
Elyvilon
Fedhas
Gozag
Kikubaaqudgha
Makhleb
Nemelex Xobeh
Okawaru
Qazlal
Ru
Sif Muna
Trog
Vehumet
Xom
Yredelemnul
Zin
The Shining One

Annotations:
D:11 Nessos


Innate Abilities, Weirdness & Mutations

You can bottle blood from corpses.
You have razor-sharp teeth.
You have supernaturally acute eyesight.
You can survive without breathing.


Message History

Casting: Call Imp
Confirm with . or Enter, or press ? or * to list all spells.
A beastly little devil appears in a puff of flame.
You feel sick.
Nessos shoots a poisoned arrow.
The poisoned arrow hits your ice beast!!
The poisoned arrow melts your ice beast.
Your ice beast dies!
Your wolf barely misses Nessos.
Nessos shoots a poisoned arrow.
The poisoned arrow misses your wolf.
The poisoned arrow misses your butterfly.
The poisoned arrow completely misses your butterfly. x3
The poisoned arrow closely misses you.
Casting: Call Imp
Confirm with . or Enter, or press ? or * to list all spells.
A chill wind blows around you.
You feel sick.
Nessos shoots a poisoned arrow.
The poisoned arrow barely misses your wolf.
The poisoned arrow misses your butterfly.
The poisoned arrow barely misses your butterfly.
The poisoned arrow hits you!!
You die... ................ #.########.### #............# .. ##########...# .#.#### #....# ....#.§## ##..#Y# ...Y5b8.# ##..##.# .ch(bbb>5#

##.#.##.# #b.(b@#
##§#Y.##.#
...$YbY#(###.##.###.#
#...# ##...###.# #.#
.## #######.# #.#
#..# #.# #.## #)# #.#
#(# ##.# #(# #..# #.#


You could see Nessos, a friendly guardian golem, 3 friendly ice beasts, a
friendly wolf, a friendly crimson imp and a friendly white imp.

Vanquished Creatures
  Grinder (D:6)
  A hippogriff (D:9)
  A warg (D:9)
  An ogre (D:8)
  A necrophage (D:7)
  A sky beast (D:9)
  A boring beetle (D:11)
  2 centaurs
  2 scorpions
  An orc priest (D:7)
  3 hounds
  An iguana (D:5)
  An orc wizard (D:10)
  2 worker ants
  3 mummies (Ossuary)
  4 gnolls
  A scorpion zombie (D:8)
  8 adders
  A green rat (D:5)
  A shadow imp (D:10)
  A giant mite (D:5)
  A goliath beetle zombie (Ossuary)
  A worm (D:5)
  2 giant geckos
  14 orcs
  4 ball pythons
  11 bats
  A bat zombie (Ossuary)
  4 giant cockroaches
  A gnoll zombie (Ossuary)
  9 goblins
  19 hobgoblins
  4 jackals
  A ball python zombie (Ossuary)
  A giant cockroach zombie (Ossuary)
  A giant newt (D:2)
  A hobgoblin skeleton (D:6)
  A jackal zombie (D:7)
  11 kobolds
  A kobold skeleton (D:7)
  2 kobold zombies
  5 orc zombies
  A quokka zombie (Ossuary)
  17 rats
  A ballistomycete (D:9)
152 creatures vanquished.

Vanquished Creatures (collateral kills)
  Josephine (D:10)
  An unseen horror (D:11)
  Pikel (D:8)
  A hill giant (D:10)
  A centaur skeleton (D:10)
  A gargoyle (D:9)
  Prince Ribbit (D:6)
  A hydra skeleton (D:9)
  A hill giant zombie (D:10)
  A spriggan (D:9)
  3 yaks (D:10)
  A wyvern (D:8)
  A hungry ghost (D:10)
  Menkaure (D:7)
  2 sky beasts
  2 ice beasts
  7 ogres
  3 phantoms
  3 slaves (D:8)
  2 orc warriors
  2 centaurs
  Sigmund (D:6)
  Duvessa (D:8)
  A crocodile (Sewer)
  4 giant frogs
  6 wights
  A cyclops skeleton (D:10)
  A hippogriff zombie (D:9)
  3 hounds
  6 crimson imps
  A goliath beetle (D:9)
  4 bog bodies (Ossuary)
  Dowan (D:8)
  5 orc priests
  A jelly (D:6)
  A quasit (D:8)
  A centaur zombie (Ossuary)
  A giant frog zombie (Ossuary)
  7 orc wizards
  An iguana (D:10)
  5 worker ants
  An ogre zombie (Ossuary)
  A killer bee zombie (D:10)
  Ijyb (D:2)
  An elf simulacrum (D:10)
  5 mummies (Ossuary)
  4 adders
  5 gnolls
  A green rat (D:5)
  2 orc skeletons
  2 giant mites (D:5)
  2 shadow imps
  3 worms
  2 adder zombies (Ossuary)
  An iguana skeleton (D:9)
  4 orc zombies
  A giant gecko (D:5)
  19 orcs
  4 bats
  3 giant cockroaches
  5 hobgoblins
  5 jackals
  5 kobolds
  A ball python zombie (Ossuary)
  A giant cockroach zombie (Ossuary)
  A giant spore (D:9)
  2 hobgoblin zombies
  A kobold zombie (Ossuary)
  A quokka zombie (Ossuary)
  4 rats
177 creatures vanquished.

Vanquished Creatures (others)
  A guardian golem (D:10)
  9 wolves
  16 ice beasts
  5 crimson imps
  23 hounds
  An adder (D:8)
  3 shadow imps
  A quokka (Ossuary)
  A butterfly (D:11)
60 creatures vanquished.

Grand Total: 389 creatures vanquished

Notes
Turn   | Place    | Note
--------------------------------------------------------------
     0 | D:1      | PolkaDot, the Vampire Summoner, began the quest for the Orb.
     0 | D:1      | Reached XP level 1. HP: 13/13 MP: 3/3
   129 | D:1      | Reached XP level 2. HP: 11/19 MP: 4/4
   488 | D:1      | Learned a level 2 spell: Call Imp
   515 | D:2      | Noticed Ijyb
   542 | D:2      | Killed Ijyb
   542 | D:2      | Reached XP level 3. HP: 20/24 MP: 1/6
   657 | D:2      | Learned a level 3 spell: Call Canine Familiar
  1469 | D:2      | Reached skill level 1 in Fighting
  1469 | D:2      | Reached XP level 4. HP: 20/32 MP: 1/8
  1787 | D:3      | Reached skill level 5 in Summonings
  2321 | D:3      | Reached XP level 5. HP: 37/37 MP: 9/9
  2624 | D:4      | Identified Alistair's Disquisition on Contamination
  3295 | D:5      | Entered Level 5 of the Dungeon
  3297 | D:5      | Found a glowing drain.
  3379 | Sewer    | Entered a sewer
  3642 | D:5      | Found a bloodstained altar of Trog.
  3689 | D:5      | Found a sand-covered staircase.
  3694 | Ossuary  | Entered an ossuary
  3767 | Ossuary  | Reached skill level 9 in Fighting
  3767 | Ossuary  | Reached XP level 6. HP: 43/58 MP: 1/19
  3795 | Ossuary  | Reached XP level 7. HP: 32/64 MP: 21/21
  4350 | Ossuary  | Learned a level 4 spell: Summon Ice Beast
  4352 | Ossuary  | Learned a level 1 spell: Apportation
  4355 | Ossuary  | Learned a level 2 spell: Blink
  4360 | Ossuary  | Learned a level 4 spell: Summon Guardian Golem
  4362 | Ossuary  | Learned a level 1 spell: Summon Butterflies
  4659 | D:5      | Noticed an ogre
  4668 | D:5      | Killed an ogre
  4760 | D:5      | Noticed a centaur
  4773 | D:5      | Killed a centaur
  5024 | D:5      | Noticed an ogre
  5043 | D:5      | Killed an ogre
  5097 | D:5      | Noticed an ogre
  5125 | D:5      | Killed an ogre
  5211 | D:5      | Reached XP level 8. HP: 66/71 MP: 22/22
  5322 | D:5      | Noticed an ogre
  5322 | D:5      | Noticed an ogre
  5332 | D:5      | Killed an ogre
  5354 | D:5      | Killed an ogre
  5450 | D:5      | Noticed a phantom
  5476 | D:5      | Killed a phantom
  6520 | D:6      | Noticed Prince Ribbit
  6546 | D:6      | Killed Prince Ribbit
  6651 | D:6      | Noticed Sigmund
  6681 | D:6      | Killed Sigmund
  6754 | D:6      | Found a staircase to the Ecumenical Temple.
  6759 | Temple   | Entered the Ecumenical Temple
  7038 | Temple   | Became a worshipper of Sif Muna the Loreminder
  7054 | D:6      | Noticed Grinder
  7070 | D:6      | Paralysed by Grinder for 4 turns
  7074 | D:6      | Killed Grinder
  7074 | D:6      | Reached skill level 1 in Ice Magic
  7697 | D:7      | Found a sacrificial altar of Ru.
  7723 | D:7      | Reached XP level 9. HP: 40/78 MP: 23/23
  8101 | D:7      | Noticed Menkaure
  8106 | D:7      | Killed Menkaure
  8642 | D:8      | Noticed Pikel
  8679 | D:8      | Killed Pikel
  8873 | D:8      | Noticed Dowan
  8874 | D:8      | Noticed Duvessa
  8881 | D:8      | Killed Dowan
  8882 | D:8      | Killed Duvessa
  9054 | D:8      | Acquired Sif Muna's first power
  9338 | D:8      | Noticed an angel
  9339 | D:8      | Found a glowing silver altar of Zin.
  9658 | D:9      | Reached skill level 10 in Fighting
  9686 | D:9      | Found a staircase to the Orcish Mines.
  9769 | D:9      | Noticed a gargoyle
  9776 | D:9      | Killed a gargoyle
 10232 | D:9      | Found a blossoming altar of Fedhas.
 10234 | D:9      | Found a shimmering altar of Xom.
 10241 | D:9      | Found a snail-covered altar of Cheibriados.
 10243 | D:9      | Found a basalt altar of Yredelemnul.
 10244 | D:9      | Found an ancient bone altar of Kikubaaqudgha.
 10246 | D:9      | Found an opulent altar of Gozag.
 10247 | D:9      | Found a stormy altar of Qazlal.
 10491 | D:9      | Reached skill level 5 in Ice Magic
 10562 | D:9      | Reached XP level 10. HP: 57/85 MP: 24/24
 10571 | D:10     | Entered Level 10 of the Dungeon
 10640 | D:10     | Noticed Josephine
 10688 | D:10     | Killed Josephine
 10688 | D:10     | Reached skill level 1 in Staves
 10732 | D:10     | Acquired Sif Muna's second power
 11264 | D:10     | Noticed a hill giant
 11277 | D:10     | Killed a hill giant
 11426 | D:10     | Reached skill level 5 in Hexes
 11747 | D:11     | Noticed an unseen horror
 12007 | D:11     | Killed an unseen horror
 12007 | D:11     | Reached skill level 1 in Translocations
 12042 | D:11     | Found a staircase to the Lair.
 12042 | D:11     | Noticed Nessos
 12057 | D:11     | Shot with a poisoned arrow by Nessos

Action                   |  1- 3 |  4- 6 |  7- 9 | 10-12 || total
-------------------------+-------+-------+-------+-------++-------
Melee: Dagger            |   157 |   203 |   326 |       ||   686
       Short sword       |       |       |   254 |       ||   254
       Staff             |       |       |    17 |   153 ||   170
       Scimitar          |       |       |     7 |       ||     7
 Cast: Call Imp          |     8 |    20 |    16 |     2 ||    46
       Summon Small Mamm |     2 |     3 |     1 |       ||     6
       Call Canine Famil |     1 |    10 |    47 |    16 ||    74
       Summon Ice Beast  |       |       |    52 |    44 ||    96
       Summon Guardian G |       |       |     1 |    10 ||    11
       Summon Butterflie |       |       |       |     1 ||     1
Invok: Channel Energy    |       |       |       |    50 ||    50
 Abil: Bottle Blood      |       |       |    22 |     1 ||    23
  Use: Potion            |     4 |     5 |    24 |     3 ||    36
       Scroll            |       |     8 |    12 |       ||    20
 Stab: Sleeping          |     7 |     5 |     7 |     4 ||    23
       Distracted        |     1 |       |    10 |     1 ||    12
  Eat: Corpse            |    14 |    20 |    22 |    11 ||    67
